 Dungeon Crawl Stone Soup version 0.19.5 (webtiles) character file.

166 greprep the Sneak (level 5, 0/25 HPs)
             Began as a Spriggan Enchanter on May 24, 2017.
             Slain by a bat (1 damage)
             ... on level 3 of the Dungeon on May 25, 2017.
             The game lasted 00:13:24 (3776 turns).

greprep the Sneak (Spriggan Enchanter)              Turns: 3776, Time: 00:13:25

Health: 0/25       AC:  3    Str:  4    XL:     5   Next: 22%
Magic:  11/11      EV: 19    Int: 17    God:
Gold:   190        SH:  0    Dex: 17    Spells: 3 memorised, 4 levels left

rFire  . . .     SeeInvis +     o - -1 dagger (curse)
rCold  . . .     Gourm    .     b - +1 robe
rNeg   . . .     Faith    .     (shield restricted)
rPois  .         Spirit   .     (helmet restricted)
rElec  .         Reflect  .     (no cloak)
rCorr  .         Harm     .     (gloves unavailable)
MR     .....                    (boots unavailable)
Stlth  +++.......               (no amulet)
                                (no ring)
                                (no ring)

@: very quick
A: unfitting armour, see invisible, herbivore 3, speed 3, slow metabolism 2
a: no special abilities


You were on level 3 of the Dungeon.
You were not hungry.

You visited 1 branch of the dungeon, and saw 4 of its levels.

You collected 190 gold pieces.

Inventory:

Hand Weapons
 a - a +1 dagger
 o - a cursed -1 dagger (weapon)
Armour
 b - a +1 robe (worn)
Scrolls
 f - a scroll of magic mapping
 l - 2 scrolls of identify
Potions
 e - a potion of flight {unknown}
 g - a potion of cancellation {unknown}
 h - a potion of resistance {unknown}
 j - 2 potions of magic {unknown}
 m - a potion of curing {unknown}
 n - 3 potions of degeneration {unknown}
Books
 c - a book of Maledictions

   Spells                             Type                      Level
   a - Corona                         Hexes                        1
   b - Ensorcelled Hibernation        Hexes/Ice                    2
   c - Confuse                        Hexes                        3
   d - Tukima's Dance                 Hexes                        3
   e - Dazzling Spray                 Conjuration/Hexes            3
Comestibles
 d - 2 bread rations
 i - a royal jelly


   Skills:
 * Level 1.1 Fighting
 * Level 2.1 Short Blades
 * Level 1.2 Armour
 + Level 3.7 Dodging
 + Level 5.3 Stealth
 + Level 3.4 Spellcasting
 + Level 4.4 Hexes
 + Level 0.8 Ice Magic


You had 4 spell levels left.
You knew the following spells:

 Your Spells              Type           Power        Failure   Level  Hunger
a - Corona                Hex            ###....      2%          1    None
b - Ensorcelled Hibernat  Hex/Ice        ##....       12%         2    ##.....
c - Confuse               Hex            ###.....     10%         3    ###....


Dungeon Overview and Level Annotations

Branches:
Dungeon (4/15)
 Temple: D:4-7

Altars:
Elyvilon
Vehumet


Innate Abilities, Weirdness & Mutations

You are very small and have problems with some larger weapons.
You are too small for most types of armour.
You have supernaturally acute eyesight. (SInv)
You are a herbivore.
You cover ground extremely quickly.
You need consume almost no food.


Message History

The orc wizard casts a spell.
The orc wizard blinks!
The bat misses you. The bat misses you.
The orc wizard mumbles some strange words.
The orc wizard blinks!
The bat barely misses you. The bat hits you but does no damage.
The bat completely misses you. The bat misses you.
The orc wizard gestures at you while chanting.
The magic dart hits you!
* * * LOW HITPOINT WARNING * * *
The bat completely misses you. The bat closely misses you. The bat misses you.
The bat misses you. The bat completely misses you. The bat hits you.
You die...

######### ###.......#######
................###########
..#...#..##.###b@.........#######
.###.###......#.#########.#......
..#...#.......#.# ####.#...<..
...._.......).### #..[.#...###
..#...#......o########....#...#..
.###.###.............#........#.#
..#...#.........#.........#.###.#
.............##.#.##...(#.#...#.#
.............##....#....#.###.#..


You could see a bat.

Vanquished Creatures
  An orc priest (D:3)
  4 adders
  An ooze (D:1)
  3 worms
  2 dart slugs (D:3)
  5 leopard geckos
  4 orcs (D:3)
  3 ball pythons
  7 giant cockroaches
  8 goblins
  8 hobgoblins
  2 jackals (D:3)
  A quokka (D:3)
  6 bats
  3 frilled lizards
  7 kobolds
  6 rats
71 creatures vanquished.

Notes
Turn   | Place    | Note
-------+----------+-------------------------------------------
     0 | D:1      | greprep the Spriggan Enchanter began the quest for the Orb.
     0 | D:1      | Reached XP level 1. HP: 9/9 MP: 5/5
   147 | D:1      | Reached XP level 2. HP: 13/13 MP: 6/6
   342 | D:1      | Learned a level 2 spell: Ensorcelled Hibernation
   976 | D:1      | Reached XP level 3. HP: 16/16 MP: 8/8
   981 | D:1      | Learned a level 3 spell: Confuse
  1654 | D:2      | Reached skill level 1 in Armour
  1769 | D:2      | Reached XP level 4. HP: 21/21 MP: 9/9
  2092 | D:2      | Reached skill level 5 in Stealth
  2466 | D:2      | Reached skill level 1 in Fighting
  2718 | D:2      | You fall through a shaft for 2 floors!
  3164 | D:3      | Reached XP level 5. HP: 24/25 MP: 1/10
  3322 | D:3      | Found a radiant altar of Vehumet.
  3382 | D:3      | Found a white marble altar of Elyvilon.
  3770 | D:3      | HP: 1/25 [orc wizard/magic dart (6)]
  3776 | D:3      | Slain by a bat

Skill      XL: |  1  2  3  4 |
---------------+-------------+-----
Hexes          | 4 |  4.4
Armour         | 1 |  1.2
Spellcasting   | 3 |  3.4
Stealth        | 5 |  5.3
Fighting       | 1 |  1.1
Short Blades   | 2 |  2.1
Dodging        | |  3.7
Ice Magic      | |  0.8

Action                   |  1- 3 |  4- 6 || total
-------------------------+-------+-------++-------
Melee: Dagger            |   110 |   150 ||   260
 Cast: Ensorcelled Hiber |    19 |    39 ||    58
       Confuse           |       |     1 ||     1
  Use: Scroll            |       |     4 ||     4
 Stab: Sleeping          |    17 |    24 ||    41
       Distracted        |       |     1 ||     1
  Eat: Bread ration      |       |     1 ||     1
Armor: Robe              |    21 |    19 ||    40
Dodge: Dodged            |   114 |   141 ||   255
